[ AOE2 MATCH · #507068870 ]
UnrankedTeutons vs Saracens
Player's team · LOSS
Rival team · WIN
[ REPLAY ANALYSIS · EXTRACTED FROM THE RECORDED GAME ]
Feudal
9:12
Castle
27:00
Imperial
51:39
| APM avg | 38.8 |
| APM peak | 95 |
| eAPM avg | 24.1 |
| Villagers / military | 151 / 514 |
Focus
⚔️ 37.9% · 🌾 62.1%
Spearman ×244 · Skirmisher ×220 · Knight ×34 · Trebuchet (Packed) ×8 · Cavalry Archer ×5 · Teutonic Knight ×2
Feudal
9:27
Castle
25:33
Imperial
52:01
| APM avg | 55.4 |
| APM peak | 110 |
| eAPM avg | 25.6 |
| Villagers / military | 151 / 499 |
Focus
⚔️ 48.4% · 🌾 51.6%
Scout Cavalry ×248 · Archer ×188 · Mameluke ×32 · Camel Scout ×16 · Bombard Cannon ×11 · Mangonel ×3
Match map
Initial resources + every placement click. Lines = walls · curves = elevation contours. ◆ gold · ⬟ stone · ● berries · ✦ relic · ◌ wall gap
Your base· Open — unwalled flank
CFGX | FCNancho's base· Open — unwalled flank
Smoothed initial terrain · ◌ = detected wall gap · hover for details
Inputs per minute
— Lord_calderon - - CFGX | FCNancho
Build order — Lord_calderon
First 150 of 616 actions detected
| 0:01 | Queue | Villager (Male) |
| 0:02 | Queue | Villager (Male) |
| 0:02 | Queue | Villager (Male) |
| 0:03 | Build | House |
| 0:06 | Build | House |
| 0:42 | Queue | Villager (Male) |
| 1:32 | Queue | Villager (Male) |
| 2:05 | Queue | Villager (Male) |
| 2:33 | Queue | Villager (Male) |
| 2:54 | Queue | Villager (Male) |
| 3:24 | Queue | Villager (Male) |
| 3:24 | Queue | Villager (Male) |
| 3:41 | Build | House |
| 3:50 | Queue | Villager (Male) |
| 3:56 | Build | Mill |
| 4:14 | Build | Lumber Camp |
| 4:16 | Queue | Villager (Male) |
| 4:52 | Queue | Villager (Male) |
| 5:12 | Queue | Villager (Male) |
| 5:45 | Queue | Villager (Male) |
| 5:46 | Research | Loom |
| 7:02 | Research | Feudal Age |
| 7:22 | Build | Mining Camp |
| 7:29 | Build | House |
| 8:07 | Build | Palisade Wall |
| 8:10 | Build | Palisade Wall |
| 8:12 | Build | Palisade Wall |
| 8:13 | Build | Palisade Wall |
| 8:18 | Build | Palisade Wall |
| 8:37 | Build | Palisade Wall |
| 8:38 | Build | Palisade Wall |
| 8:41 | Build | Palisade Wall |
| 8:46 | Build | Palisade Wall |
| 8:51 | Build | Palisade Wall |
| 8:54 | Build | Palisade Wall |
| 9:12 | Age | Feudal Age |
| 9:13 | Queue | Villager (Male) |
| 9:23 | Build | Watch Tower |
| 9:29 | Queue | Villager (Male) |
| 9:56 | Queue | Villager (Male) |
| 10:12 | Build | Watch Tower |
| 10:22 | Queue | Villager (Male) |
| 11:01 | Queue | Villager (Male) |
| 11:06 | Build | Palisade Wall |
| 11:18 | Build | Mill |
| 11:42 | Build | Watch Tower |
| 11:43 | Queue | Villager (Male) |
| 11:45 | Build | Farm |
| 11:45 | Build | Farm |
| 12:14 | Queue | Villager (Male) |
| 12:16 | Build | Farm |
| 12:19 | Build | House |
| 12:50 | Build | Watch Tower |
| 12:51 | Queue | Villager (Male) |
| 13:17 | Build | House |
| 13:24 | Queue | Villager (Male) |
| 13:45 | Queue | Villager (Male) |
| 13:55 | Queue | Villager (Male) |
| 14:23 | Build | Watch Tower |
| 14:24 | Queue | Villager (Male) |
| 14:28 | Build | Blacksmith |
| 14:47 | Build | Watch Tower |
| 14:50 | Queue | Villager (Male) |
| 14:54 | Build | House |
| 15:12 | Build | Palisade Wall |
| 15:21 | Research | Fletching |
| 15:22 | Queue | Villager (Male) |
| 15:25 | Build | Farm |
| 15:25 | Build | Farm |
| 15:29 | Build | Palisade Wall |
| 15:29 | Build | Palisade Wall |
| 15:29 | Build | Palisade Wall |
| 15:30 | Build | Palisade Wall |
| 15:30 | Build | Palisade Wall |
| 15:31 | Build | Palisade Wall |
| 15:38 | Queue | Villager (Male) |
| 16:05 | Queue | Villager (Male) |
| 16:19 | Build | Watch Tower |
| 16:23 | Queue | Villager (Male) |
| 16:39 | Build | Farm |
| 17:27 | Queue | Villager (Male) |
| 17:41 | Build | House |
| 17:50 | Build | Farm |
| 17:50 | Build | Farm |
| 17:52 | Build | Farm |
| 17:53 | Queue | Villager (Male) |
| 18:11 | Queue | Villager (Male) |
| 18:21 | Queue | Villager (Male) |
| 18:22 | Build | Farm |
| 18:26 | Research | Double-Bit Axe |
| 18:48 | Build | House |
| 19:03 | Queue | Villager (Male) |
| 19:17 | Build | Watch Tower |
| 19:45 | Queue | Villager (Male) |
| 20:15 | Queue | Villager (Male) |
| 20:34 | Build | Watch Tower |
| 20:35 | Queue | Villager (Male) |
| 20:59 | Queue | Villager (Male) |
| 21:07 | Build | Mining Camp |
| 21:10 | Build | House |
| 21:12 | Build | House |
| 21:20 | Queue | Villager (Male) |
| 21:34 | Build | House |
| 21:37 | Build | Farm |
| 22:06 | Build | Watch Tower |
| 22:15 | Queue | Villager (Male) |
| 22:18 | Build | Barracks |
| 22:24 | Build | House |
| 22:36 | Build | Lumber Camp |
| 22:43 | Queue | Villager (Male) |
| 23:03 | Build | Farm |
| 23:03 | Build | Farm |
| 23:10 | Queue | Villager (Male) |
| 23:29 | Build | Stable |
| 23:34 | Queue | Villager (Male) |
| 23:39 | Build | Palisade Wall |
| 23:39 | Build | Palisade Wall |
| 23:40 | Build | Palisade Wall |
| 24:03 | Build | Farm |
| 24:03 | Build | Farm |
| 24:20 | Research | Castle Age |
| 24:23 | Build | House |
| 24:50 | Build | Stable |
| 24:55 | Build | Palisade Wall |
| 25:12 | Build | Lumber Camp |
| 25:19 | Build | Farm |
| 25:25 | Research | Bloodlines |
| 25:25 | Research | Bloodlines |
| 25:32 | Build | Farm |
| 25:33 | Build | Farm |
| 25:44 | Research | Scale Barding Armor |
| 26:11 | Build | Farm |
| 26:21 | Build | Farm |
| 26:28 | Build | Farm |
| 27:00 | Age | Castle Age |
| 27:03 | Queue | Knight |
| 27:03 | Queue | Knight |
| 27:06 | Queue | Villager (Male) |
| 27:19 | Build | Farm |
| 27:25 | Queue | Knight |
| 27:26 | Queue | Knight |
| 27:29 | Build | Market |
| 27:50 | Build | House |
| 28:03 | Build | Mining Camp |
| 28:11 | Research | Forging |
| 28:16 | Queue | Knight |
| 28:16 | Queue | Knight |
| 28:43 | Build | Stable |
| 28:58 | Queue | Knight |
| 28:59 | Queue | Knight |
Build order — CFGX | FCNancho
First 150 of 908 actions detected
| 0:01 | Queue | Villager (Male) |
| 0:01 | Queue | Villager (Male) |
| 0:02 | Queue | Villager (Male) |
| 0:03 | Build | House |
| 0:04 | Build | House |
| 0:13 | Queue | Villager (Male) |
| 1:24 | Queue | Villager (Male) |
| 1:24 | Queue | Villager (Male) |
| 1:56 | Queue | Villager (Male) |
| 1:57 | Queue | Villager (Male) |
| 2:22 | Queue | Villager (Male) |
| 2:27 | Build | Lumber Camp |
| 2:43 | Queue | Villager (Male) |
| 2:44 | Queue | Villager (Male) |
| 3:02 | Queue | Villager (Male) |
| 3:35 | Queue | Villager (Male) |
| 3:49 | Build | House |
| 3:50 | Build | House |
| 3:55 | Queue | Villager (Male) |
| 4:26 | Queue | Villager (Male) |
| 4:26 | Queue | Villager (Male) |
| 4:34 | Queue | Villager (Male) |
| 4:54 | Queue | Villager (Male) |
| 5:02 | Build | Mill |
| 5:24 | Queue | Villager (Male) |
| 6:12 | Queue | Villager (Male) |
| 6:13 | Research | Loom |
| 7:17 | Research | Feudal Age |
| 7:52 | Build | Lumber Camp |
| 8:11 | Build | Mining Camp |
| 8:49 | Build | Barracks |
| 8:59 | Queue | Villager (Male) |
| 9:27 | Age | Feudal Age |
| 9:32 | Build | Archery Range |
| 9:43 | Queue | Villager (Male) |
| 9:59 | Queue | Villager (Male) |
| 10:09 | Research | Double-Bit Axe |
| 10:22 | Queue | Villager (Male) |
| 10:31 | Build | Archery Range |
| 10:55 | Queue | Archer |
| 10:55 | Queue | Archer |
| 11:01 | Queue | Villager (Male) |
| 11:09 | Build | House |
| 11:14 | Queue | Archer |
| 11:14 | Queue | Archer |
| 11:14 | Queue | Archer |
| 11:20 | Build | House |
| 11:46 | Build | Mill |
| 11:52 | Queue | Villager (Male) |
| 12:06 | Queue | Villager (Male) |
| 12:15 | Queue | Archer |
| 12:15 | Queue | Archer |
| 12:15 | Queue | Archer |
| 12:21 | Build | Farm |
| 12:32 | Build | Farm |
| 12:36 | Queue | Archer |
| 12:36 | Queue | Archer |
| 12:39 | Queue | Villager (Male) |
| 12:57 | Queue | Villager (Male) |
| 13:02 | Build | Farm |
| 13:03 | Build | Farm |
| 13:06 | Build | Farm |
| 13:08 | Queue | Archer |
| 13:09 | Queue | Archer |
| 13:22 | Build | House |
| 13:31 | Queue | Villager (Male) |
| 13:39 | Build | Farm |
| 13:47 | Build | Watch Tower |
| 13:52 | Queue | Villager (Male) |
| 14:28 | Build | House |
| 14:33 | Build | House |
| 14:50 | Queue | Villager (Male) |
| 14:55 | Build | House |
| 14:55 | Build | House |
| 15:03 | Build | House |
| 15:12 | Queue | Villager (Male) |
| 15:18 | Build | House |
| 15:24 | Queue | Villager (Male) |
| 16:02 | Queue | Villager (Male) |
| 16:07 | Build | Blacksmith |
| 16:11 | Queue | Villager (Male) |
| 16:11 | Queue | Archer |
| 16:12 | Queue | Archer |
| 16:12 | Queue | Archer |
| 16:12 | Queue | Archer |
| 16:13 | Queue | Archer |
| 16:13 | Queue | Archer |
| 16:13 | Queue | Archer |
| 16:13 | Queue | Archer |
| 16:40 | Queue | Villager (Male) |
| 16:49 | Build | Lumber Camp |
| 16:58 | Queue | Villager (Male) |
| 17:10 | Research | Fletching |
| 17:13 | Queue | Villager (Male) |
| 17:36 | Build | House |
| 17:50 | Queue | Archer |
| 17:50 | Queue | Archer |
| 17:50 | Queue | Archer |
| 17:55 | Queue | Villager (Male) |
| 18:26 | Queue | Villager (Male) |
| 18:29 | Queue | Archer |
| 18:30 | Queue | Archer |
| 18:30 | Queue | Archer |
| 18:30 | Queue | Archer |
| 18:35 | Build | Mining Camp |
| 18:37 | Queue | Villager (Male) |
| 18:46 | Build | House |
| 19:01 | Queue | Archer |
| 19:01 | Queue | Archer |
| 19:15 | Build | Farm |
| 19:22 | Build | House |
| 19:25 | Queue | Villager (Male) |
| 19:34 | Build | Farm |
| 19:35 | Build | Farm |
| 19:56 | Queue | Villager (Male) |
| 20:04 | Queue | Villager (Male) |
| 20:09 | Build | Farm |
| 20:12 | Build | House |
| 21:02 | Queue | Villager (Male) |
| 21:23 | Build | Watch Tower |
| 21:25 | Queue | Villager (Male) |
| 21:32 | Build | Farm |
| 21:35 | Build | Farm |
| 21:36 | Queue | Villager (Male) |
| 21:40 | Build | Market |
| 21:43 | Queue | Archer |
| 21:43 | Queue | Archer |
| 21:59 | Build | Farm |
| 22:01 | Queue | Villager (Male) |
| 22:03 | Build | Farm |
| 22:03 | Build | Farm |
| 22:15 | Build | Farm |
| 22:21 | Build | Farm |
| 22:49 | Build | Outpost |
| 22:53 | Research | Castle Age |
| 22:54 | Research | Castle Age |
| 23:13 | Build | Mill |
| 23:15 | Build | Farm |
| 23:16 | Build | Farm |
| 23:16 | Build | Farm |
| 23:16 | Build | Farm |
| 23:24 | Queue | Villager (Male) |
| 23:33 | Build | Archery Range |
| 23:37 | Build | Palisade Wall |
| 23:37 | Build | Palisade Wall |
| 23:38 | Build | Palisade Wall |
| 23:39 | Build | Palisade Wall |
| 23:40 | Build | Palisade Wall |
| 23:40 | Build | Palisade Wall |
| 23:41 | Build | Palisade Wall |
Match timeline
| 8:07 | Lord_calderon · wall_segment Palisade Wall x2 |
| 8:10 | Lord_calderon · wall_segment Palisade Wall x1 |
| 8:12 | Lord_calderon · wall_segment Palisade Wall x1 |
| 8:13 | Lord_calderon · wall_segment Palisade Wall x1 |
| 8:18 | Lord_calderon · wall_segment Palisade Wall x9 |
| 8:37 | Lord_calderon · wall_segment Palisade Wall x1 |
| 8:38 | Lord_calderon · wall_segment Palisade Wall x1 |
| 8:41 | Lord_calderon · wall_segment Palisade Wall x2 |
| 8:46 | Lord_calderon · wall_segment Palisade Wall x1 |
| 8:49 | CFGX | FCNancho · first_building Barracks |
| 8:51 | Lord_calderon · wall_segment Palisade Wall x3 |
| 8:54 | Lord_calderon · wall_segment Palisade Wall x2 |
| 9:12 | Lord_calderon · age_up feudal |
| 9:27 | CFGX | FCNancho · age_up feudal |
| 9:32 | CFGX | FCNancho · first_building Archery Range |
| 11:06 | Lord_calderon · wall_segment Palisade Wall x1 |
| 15:12 | Lord_calderon · wall_segment Palisade Wall x1 |
| 15:29 | Lord_calderon · wall_segment Palisade Wall x1 |
| 15:29 | Lord_calderon · wall_segment Palisade Wall x3 |
| 15:29 | Lord_calderon · wall_segment Palisade Wall x1 |
| 15:30 | Lord_calderon · wall_segment Palisade Wall x2 |
| 15:30 | Lord_calderon · wall_segment Palisade Wall x1 |
| 15:31 | Lord_calderon · wall_segment Palisade Wall x2 |
| 22:18 | Lord_calderon · first_building Barracks |
| 22:53 | CFGX | FCNancho · first_market_buy 100 food |
| 23:29 | Lord_calderon · first_building Stable |
| 23:37 | CFGX | FCNancho · wall_segment Palisade Wall x1 |
| 23:37 | CFGX | FCNancho · wall_segment Palisade Wall x1 |
| 23:38 | CFGX | FCNancho · wall_segment Palisade Wall x1 |
| 23:39 | Lord_calderon · wall_segment Palisade Wall x1 |
| 23:39 | Lord_calderon · wall_segment Palisade Wall x1 |
| 23:39 | CFGX | FCNancho · wall_segment Palisade Wall x1 |
| 23:40 | CFGX | FCNancho · wall_segment Palisade Wall x1 |
| 23:40 | Lord_calderon · wall_segment Palisade Wall x5 |
| 23:40 | CFGX | FCNancho · wall_segment Palisade Wall x1 |
| 23:41 | CFGX | FCNancho · wall_segment Palisade Wall x1 |
| 23:41 | CFGX | FCNancho · wall_segment Palisade Wall x1 |
| 24:55 | Lord_calderon · wall_segment Palisade Wall x6 |
| 25:07 | CFGX | FCNancho · wall_segment Palisade Wall x2 |
| 25:07 | CFGX | FCNancho · wall_segment Palisade Wall x1 |
| 25:08 | CFGX | FCNancho · wall_segment Palisade Wall x1 |
| 25:08 | CFGX | FCNancho · wall_segment Palisade Wall x1 |
| 25:09 | CFGX | FCNancho · wall_segment Palisade Wall x1 |
| 25:09 | CFGX | FCNancho · wall_segment Palisade Wall x1 |
| 25:10 | CFGX | FCNancho · wall_segment Palisade Wall x1 |
| 25:10 | CFGX | FCNancho · wall_segment Palisade Wall x1 |
| 25:33 | CFGX | FCNancho · age_up castle |
| 25:52 | CFGX | FCNancho · first_building Siege Workshop |
| 27:00 | Lord_calderon · age_up castle |
| 28:01 | Lord_calderon · first_market_buy 100 wood |
| 29:59 | CFGX | FCNancho · first_building Castle |
| 31:01 | Lord_calderon · first_market_sell 100 wood |
| 35:03 | CFGX | FCNancho · first_market_sell 100 food |
| 36:21 | CFGX | FCNancho · first_building Stable |
| 42:09 | Lord_calderon · first_building Archery Range |
| 42:20 | Lord_calderon · first_building Castle |
| 44:45 | CFGX | FCNancho · first_building Monastery |
| 51:28 | Lord_calderon · first_building Monastery |
| 51:39 | Lord_calderon · age_up imperial |
| 52:01 | CFGX | FCNancho · age_up imperial |
| 74:20 | Lord_calderon · resign |
[ AI ANALYSIS · 1 CREDIT ]
What really happened in this match?
Wolo.gg analyzes every decision: build order, eco, micro, common mistakes by bracket. Personalized analysis on WhatsApp or Discord in 30 seconds.
Civ guide
Teutons
Perfil
Lord_calderon